 Dungeon Crawl Stone Soup version 0.19-a0-742-g4563caa (webtiles) character file.

7957 Ijustatesigmund the Timeless (level 11, -1/79 HPs)
             Began as a Mottled Draconian Conjurer on June 23, 2016.
             Was a High Priest of Cheibriados.
             Slain by a swamp worm (14 damage)
             ... on level 10 of the Dungeon.
             The game lasted 00:41:26 (12244 turns).

Ijustatesigmund the Timeless (DrCj)                Turns: 12244, Time: 00:41:28

Health: -1/79      AC:  9    Str: 24    XL:     11   Next: 3%
Magic:  19/19      EV: 19    Int: 28    God:    Cheibriados [*****.]
Gold:   592        SH:  0    Dex: 27    Spells: 6 memorised, 1 level left

rFire  . . .     SeeInvis +     s - +4 hunting sling of Virtue {venom, Str+2 SInv}
rCold  . . .     Gourm    .     (armour unavailable)
rNeg   . . .     Faith    .     (no shield)
rPois  .         Spirit   .     d - +2 hat
rElec  .         Dismiss  .     (no cloak)
rCorr  .         Reflect  .     (no gloves)
SustAt .         Harm     .     (no boots)
MR     +....                    (no amulet)
Stlth  ++........               h - +4 ring of evasion
                                j - ring of protection from magic

@: short of breath, very slow, somewhat resistant to hostile enchantments,
unstealthy
A: breathe sticky flame splash, unfitting armour, cold-blooded, AC +7
a: Breathe Sticky Flame, Bend Time, Temporal Distortion, Slouch, Step From Time,
Renounce Religion


You were on level 10 of the Dungeon.
You worshipped Cheibriados.
Cheibriados was extremely pleased with you.
You were hungry.

You visited 2 branches of the dungeon, and saw 11 of its levels.
You also visited: Sewer.

You collected 592 gold pieces.

Inventory:

Hand Weapons
 s - the +4 hunting sling of Virtue (weapon) {venom, Str+2 SInv}
   (You found it on level 6 of the Dungeon)

   It poisons the ammo it fires.
   It affects your strength (+2).
   It lets you see invisible.
 u - a +0 flail of protection
 x - a +1 vampiric long sword
Missiles
 r - 42 sling bullets
 y - 84 stones (quivered)
Armour
 d - a +2 hat (worn)
 B - a troll hide
Jewellery
 e - an uncursed amulet of dismissal
 h - a +4 ring of evasion (right hand)
 i - a +2 ring of strength {unknown}
 j - a ring of protection from magic (left hand)
 w - a +2 ring of intelligence
 C - an uncursed ring of poison resistance {unknown}
Scrolls
 f - 3 scrolls of teleportation
 l - 3 scrolls of fear
 m - a scroll of amnesia
 t - 2 scrolls of magic mapping
 D - 3 scrolls of identify
Potions
 c - 5 potions of heal wounds
 g - 5 potions of flight
 n - a potion of lignification
 o - 2 potions of might
 p - 3 potions of haste {unknown}
 v - a potion of curing
 z - a potion of agility
 A - a potion of brilliance {unknown}
Books
 a - a book of Conjurations

   Spells                             Type                      Level
   a - Magic Dart                     Conjuration                  1
   b - Searing Ray                    Conjuration                  2
   c - Dazzling Spray                 Conjuration/Hexes            3
   d - Fulminant Prism                Conjuration/Hexes            4
   e - Iskenderun's Mystic Blast      Conjuration                  4
   f - Iskenderun's Battlesphere      Conjuration/Charms           5
Comestibles
 b - 3 bread rations
 k - 6 meat rations
 q - 2 fruits


   Skills:
 - Level 2.1 Fighting
   Level 3.2 Short Blades
 - Level 6.3 Slings
 - Level 3.2 Dodging
 - Level 1.7 Stealth
 - Level 5.4 Spellcasting
 - Level 7.5 Conjurations
 - Level 6.8 Hexes
 + Level 5.5 Charms
 - Level 7.6 Invocations


You had one spell level left.
You knew the following spells:

 Your Spells              Type           Power        Failure   Level  Hunger
a - Magic Dart            Conj           ####         1%          1    None
b - Searing Ray           Conj           #####.       1%          2    None
c - Dazzling Spray        Conj/Hex       #####.       1%          3    None
d - Iskenderun's Battles  Conj/Chrm      #####...     14%         5    #####..
e - Fulminant Prism       Conj/Hex       #####.....   3%          4    ###....
f - Iskenderun's Mystic   Conj           #####...     3%          4    ###....


Dungeon Overview and Level Annotations

Branches:
Dungeon (10/15)            Temple (1/1) D:5            Lair (0/6) D:10
    Orc: D:9-12

Altars:
Ashenzari
Cheibriados
Dithmenos
Elyvilon
Fedhas
Gozag
Hepliaklqana
Kikubaaqudgha
Makhleb
Nemelex Xobeh
Okawaru
Pakellas
Qazlal
Ru
Sif Muna
Trog
Uskayaw
Vehumet
Xom
Yredelemnul
Zin
The Shining One

Annotations:
D:3 Ijustatesigmund's ghost, amateur DrCj
D:8 tstbtto's ghost, novice DDFi


Innate Abilities, Weirdness & Mutations

You can spit globs of burning liquid.
You can ignite nearby creatures when you spit burning liquid.
Your weird mottled scales are hard. (AC +7)
Your body does not fit into most forms of armour.
You are cold-blooded and may be slowed by cold attacks.


Message History

Press: ? - help, Shift-Dir - straight line, f/p - swamp worm
Aim: a swamp worm (almost dead, poisoned)
You shoot a stone. The stone hits the swamp worm.
The swamp worm looks as sick as possible!
The swamp worm is almost dead.
The swamp worm bites you!!
* * * LOW HITPOINT WARNING * * *
Press: ? - help, Shift-Dir - straight line, f/p - swamp worm
Aim: a swamp worm (almost dead, poisoned)
You spit a glob of burning liquid.
The splash of liquid fire hits the swamp worm.
You kill the swamp worm!
Cheibriados appreciates the change of pace.
Cheibriados raises the support of your attributes as your movement slows.
You feel somewhat more hungry.
A swamp worm bursts forth from the water.
The swamp worm bites you!
* * * LOW HITPOINT WARNING * * *
The swamp worm completely misses you. The swamp worm bites you!
You die...

############ #### ###
###..........####... #..
............†'.##...
#.#####..........#......
#.#≈≈≈≈(((.......####...
##≈≈≈≈≈≈≈≈≈≈≈.....# #...
#≈≈≈#######≈≈≈##### ####
#≈≈##≈≈(≈≈#≈≈≈# #..
#≈≈#?≈((@≈(≈≈≈## #.#
#≈≈##≈≈w≈(#P≈≈.# ##.#
######≈≈≈#######≈≈≈.#######...
#......≈≈≈≈≈≈≈≈≈≈≈#.........[.
#.......#≈≈≈≈≈≈≈#'##.)#####...
#..<....#.###......#.## #...
#.......#...'......'.# #...
#.......#.###......### #...
#.........# #.....># #...


You could see a swamp worm.

Vanquished Creatures
  Gastronok (D:9)
  3 trolls (D:10)
  4 yaks (D:10)
  Eustachio (D:5)
  2 wyverns
  A hippogriff (D:9)
  Menkaure (D:5)
  A swamp worm (D:10)
  Edmund (D:6)
  2 hell hounds (D:10)
  A phantom (D:6)
  3 ice beasts
  3 sky beasts
  A wasp (D:10)
  A black bear (D:9)
  2 ogres
  2 centaurs
  A big kobold (D:6)
  Blork the orc (D:5)
  4 giant frogs
  2 water moccasin skeletons
  A scorpion (D:4)
  2 howler monkeys
  6 crimson imps
  3 giant frog zombies
  6 hounds
  3 centaur skeletons
  A gnoll shaman (D:6)
  An orc priest (D:8)
  10 orc wizards
  4 iguanas
  13 worker ants
  A hound zombie (D:10)
  A hound skeleton (D:6)
  A worker ant zombie (D:5)
  7 gnolls
  2 howler monkey skeletons
  6 river rats
  18 adders
  2 shadow imps
  An ooze (D:1)
  2 adder skeletons (D:4)
  16 worms
  2 dart slugs
  A giant gecko (D:2)
  35 orcs
  4 bats
  7 giant cockroaches
  3 goblins
  9 hobgoblins
  14 jackals
  5 quokkas
  3 ball pythons
  10 giant newts
  11 kobolds
  A quokka skeleton (D:5)
  9 rats
259 creatures vanquished.

Vanquished Creatures (others)
  3 plants (D:10)
3 creatures vanquished.

Grand Total: 262 creatures vanquished

Notes
Turn   | Place    | Note
--------------------------------------------------------------
     0 | D:1      | Ijustatesigmund the Draconian Conjurer began the quest for the Orb.
     0 | D:1      | Reached XP level 1. HP: 14/14 MP: 3/3
   163 | D:1      | Reached XP level 2. HP: 5/20 MP: 0/5
   851 | D:1      | Learned a level 2 spell: Searing Ray
   945 | D:1      | Reached skill level 5 in Conjurations
   945 | D:1      | Reached XP level 3. HP: 25/26 MP: 4/6
   950 | D:1      | Learned a level 3 spell: Dazzling Spray
  1361 | D:2      | Found an iron altar of Okawaru.
  1382 | D:2      | Reached skill level 1 in Fighting
  1654 | D:2      | Found an iron altar of Okawaru.
  1742 | D:2      | Found a shadowy altar of Dithmenos.
  1749 | D:2      | Reached XP level 4. HP: 32/36 MP: 1/7
  1849 | D:2      | Reached skill level 1 in Hexes
  2430 | D:3      | Found a bloodstained altar of Trog.
  2783 | D:3      | Noticed Ijustatesigmund's ghost (amateur DrCj)
  3196 | D:4      | Reached XP level 5. HP: 41/41 MP: 5/8
  3681 | D:4      | Found a stormy altar of Qazlal.
  3727 | D:4      | Found an opulent altar of Gozag.
  4008 | D:4      | Noticed an ogre
  4020 | D:4      | Killed an ogre
  4020 | D:4      | Reached XP level 6. HP: 28/48 MP: 0/9
  4385 | D:4      | Found a stormy altar of Qazlal.
  4728 | D:5      | Entered Level 5 of the Dungeon
  4795 | D:5      | Noticed an ice beast
  4820 | D:5      | Killed an ice beast
  4820 | D:5      | Reached skill level 5 in Hexes
  4820 | D:5      | Your scales start taking on a weird mottled colour.
  4820 | D:5      | Reached XP level 7. HP: 55/55 MP: 1/11
  5004 | D:5      | Found an oddly glowing altar of Pakellas.
  5188 | D:5      | Noticed Eustachio
  5243 | D:5      | Killed Eustachio
  5681 | D:5      | Noticed Blork the orc
  5687 | D:5      | Killed Blork the orc
  5707 | D:5      | Reached XP level 8. HP: 30/61 MP: 1/15
  5947 | D:5      | Noticed Menkaure
  5952 | D:5      | Killed Menkaure
  5952 | D:5      | Reached skill level 5 in Spellcasting
  6240 | D:5      | Learned a level 5 spell: Iskenderun's Battlesphere
  6256 | D:5      | Learned a level 4 spell: Fulminant Prism
  6259 | D:5      | Found a hazy altar of Hepliaklqana.
  6792 | D:5      | Found a staircase to the Ecumenical Temple.
  7037 | Temple   | Entered the Ecumenical Temple
  7100 | Temple   | Became a worshipper of Cheibriados the Contemplative
  7427 | D:6      | Noticed Edmund
  7462 | D:6      | Killed Edmund
  7605 | D:6      | Reached * piety under Cheibriados
  7606 | D:6      | Found a glowing drain.
  7613 | Sewer    | Entered a sewer
  7789 | Sewer    | Reached skill level 1 in Short Blades
  8166 | D:6      | Reached XP level 9. HP: 66/67 MP: 12/17
  8327 | D:6      | Got a scorched hunting sling
  8328 | D:6      | Identified the +4 hunting sling of Virtue {venom, Str+2 SInv} (You found it on level 6 of the Dungeon)
  8427 | D:4      | Reached ** piety under Cheibriados
  8617 | D:6      | Reached skill level 1 in Invocations
  8934 | D:6      | Reached skill level 1 in Slings
  8939 | D:6      | Found a burning altar of Makhleb.
  8939 | D:6      | Found a blossoming altar of Fedhas.
  9282 | D:7      | Found an ancient bone altar of Kikubaaqudgha.
  9642 | D:8      | Reached *** piety under Cheibriados
  9862 | D:8      | Found a shattered altar of Ashenzari.
  9862 | D:8      | Found a deep blue altar of Sif Muna.
  9882 | D:8      | Found a blossoming altar of Fedhas.
 10027 | D:8      | Noticed tstbtto's ghost (novice DDFi)
 10357 | D:9      | Reached **** piety under Cheibriados
 10385 | D:9      | Found a bloodstained altar of Trog.
 10477 | D:9      | Reached skill level 5 in Invocations
 10507 | D:9      | Noticed Gastronok
 10531 | D:9      | Killed Gastronok
 10531 | D:9      | Reached skill level 5 in Slings
 10531 | D:9      | Reached XP level 10. HP: 42/73 MP: 10/18
 11082 | D:10     | Entered Level 10 of the Dungeon
 11397 | D:10     | Reached skill level 1 in Charms
 11721 | D:10     | Found a staircase to the Lair.
 11747 | D:10     | Reached ***** piety under Cheibriados
 11976 | D:10     | Reached skill level 5 in Charms
 12077 | D:10     | Reached XP level 11. HP: 79/79 MP: 19/19
 12127 | D:10     | Learned a level 4 spell: Iskenderun's Mystic Blast
 12244 | D:10     | Slain by a swamp worm

Vault maps used:
D:1:      dpeg_arrival_round_c, minmay_split_cup_small
D:2:      nicolae_dithmenos_shadow_blocks, overflow_temple_1_default,
          okawaru_trees_2
D:3:      old_standard_altar
D:4:      nicolae_overflow_hidden_temple, nicolae_overflow_crystal_walls,
          first_bread, minmay_ruined_shrine
D:5:      grunt_pakellas_salt, lemuel_coloured_pillars_altar,
          uniq_blork_the_orc, uniq_eustachio, uniq_menkaure
D:6:      gammafunk_temple_overflow_wave, gup_sewer_entry_bubbles, uniq_edmund
D:7:      marbit_many_paths
D:8:      gammafunk_temple_overflow_elements, grunt_livestock, fedhas_altar_2
D:9:      basic_altar, uniq_gastronok
D:10:     minmay_lair_entry_lava, wad_floor_pattern_1, stair_cage_wide,
          worms_lemuel
Temple:   dpeg_chambers_temple
Sewer:    sewer_co_cracked_pipes

Skill      XL: |  1  2  3  4  5  6  7  8  9 10 |
---------------+-------------------------------+-----
Conjurations   | 5 7 |  7.5
Fighting       | 2 |  2.1
Hexes          | 2 4 5 6 |  6.8
Spellcasting   | 3 4 5 |  5.4
Short Blades   | 1 3 |  3.2
Invocations    | 6 7 |  7.6
Slings         | 5 6 |  6.3
Dodging        | 3 |  3.2
Charms         | 5 |  5.5
Stealth        | |  1.7

Action                   |  1- 3 |  4- 6 |  7- 9 | 10-12 || total
-------------------------+-------+-------+-------+-------++-------
Melee: Unarmed           |    36 |       |       |       ||    36
       Tailslap          |     4 |    11 |    35 |       ||    50
       Short sword       |    19 |    80 |   185 |       ||   284
       Flail             |       |       |     8 |       ||     8
 Fire: Hunting sling     |       |       |   140 |   134 ||   274
 Cast: Magic Dart        |    73 |   114 |   254 |    53 ||   494
       Searing Ray       |       |     2 |    26 |     6 ||    34
Invok: Temporal Distorti |       |       |     1 |       ||     1
 Abil: Breathe Sticky Fl |       |       |    14 |     4 ||    18
  Use: Scroll            |     5 |     6 |     8 |     1 ||    20
       Potion            |       |     1 |     8 |       ||     9
 Stab: Sleeping          |     1 |     1 |     1 |       ||     3
  Eat: Chunk             |     3 |    11 |    14 |     3 ||    31
       Beef jerky        |       |     1 |     1 |       ||     2
       Bread ration      |       |       |     1 |       ||     1
       Fruit             |       |       |     1 |       ||     1
Armor: Skin              |    15 |    20 |    83 |    15 ||   133
Dodge: Dodged            |    45 |    88 |   278 |    66 ||   477
